 Dungeon Crawl Stone Soup version 0.29-a0-398-ge13fd13 (webtiles) character file.

Game seed: 5113511894522137323

52 Illumine the Quickloader (level 3, -4/31 HPs)
             Began as a Gnoll Hunter on May 12, 2022.
             Slain by a gnoll
             ... wielding a +0 flail
              (7 damage)
             ... on level 2 of the Dungeon.
             The game lasted 00:01:20 (1248 turns).

Illumine the Quickloader (Gnoll Hunter)             Turns: 1248, Time: 00:01:21

Health: -4/31      AC:  3    Str: 12    XL:     3   Next: 85%
Magic:  4/4        EV: 13    Int:  8    God:
Gold:   120        SH:  5    Dex: 15    Spells: 4/4 levels left

rFire   . . .      SeeInvis .   a - +1 hand crossbow
rCold   . . .      Faith    .   (no shield)
rNeg    . . .      Spirit   .   b - +0 leather armour
rPois   .          Reflect  +   (no helmet)
rElec   .          Harm     .   (no cloak)
rCorr   .          Rampage  .   (no gloves)
Will    .....                   (no boots)
Stlth   ++........              j - amulet of reflection
HPRegen 0.10/turn               (no ring)
MPRegen 0.09/turn               (no ring)

@: no status effects
A: fangs 1, strong nose, distributed training
a: no special abilities


You were on level 2 of the Dungeon.
You visited 1 branch of the dungeon, and saw 3 of its levels.

You collected 120 gold pieces.

Inventory:

Hand Weapons
 a - a +1 hand crossbow (weapon)
 k - a +0 quarterstaff
Armour
 b - a +0 leather armour (worn)
Jewellery
 j - an amulet of reflection (around neck)
Wands
 i - a wand of iceblast (4)
Scrolls
 c - a scroll of immolation
 f - a scroll of blinking {unknown}
 h - a scroll of enchant weapon {unknown}
Potions
 d - 2 potions of resistance {unknown}
 e - 2 potions of heal wounds {unknown}
 g - a potion of mutation {unknown}


   Skills:
 + Level 4.6 Fighting
 + Level 1.0 Short Blades
 + Level 1.0 Long Blades
 + Level 1.0 Axes
 + Level 1.0 Maces & Flails
 + Level 1.0 Polearms
 + Level 1.0 Staves
 + Level 1.0 Slings
 + Level 1.0 Bows
 + Level 8.5 Crossbows
 + Level 1.0 Throwing
 + Level 1.0 Armour
 + Level 4.6 Dodging
 + Level 2.4 Stealth
 + Level 1.0 Shields
 + Level 1.0 Unarmed Combat
 + Level 1.0 Spellcasting
 + Level 0.7 Conjurations
 + Level 0.7 Hexes
 + Level 0.7 Summonings
 + Level 0.7 Necromancy
 + Level 0.7 Translocations
 + Level 0.7 Transmutations
 + Level 0.7 Fire Magic
 + Level 0.7 Ice Magic
 + Level 0.7 Air Magic
 + Level 0.7 Earth Magic
 + Level 0.7 Poison Magic
 + Level 1.0 Invocations
 + Level 1.0 Evocations


You had 4 spell levels left.
You didn't know any spells.
Your spell library contained the following spells:

 Spells                   Type           Power      Damage    Failure   Level
 Sublimation of Blood     Necr           1%         N/A       50%         2
 Wereblood                Tmut           1%         N/A       50%         2
 Ice Form                 Ice/Tmut       1%         N/A       98%         4
 Ozocubu's Refrigeration  Ice            0%         4d5       100%        7
 Summon Hydra             Summ           0%         N/A       100%        7


Dungeon Overview and Level Annotations

Branches:
Dungeon (3/15)

Altars:

Annotations:
D:2 1 runed translucent door, Crazy Yiuf


Innate Abilities, Weirdness & Mutations

You have very sharp teeth.
Your uncanny sense of smell can sniff out nearby items.
Your experience applies equally to all skills.


Message History

You continue putting on your amulet of reflection. x5
You finish putting on your amulet of reflection.
You feel a shielding aura gather around you.
j - an amulet of reflection (around neck)
You see here a +0 quarterstaff.
Found 26 stones.
You see here 26 stones.
Found a stone staircase leading down.
There is a stone staircase leading down here.
There is an open door here.
You see here a +0 chain mail.
Found a mace.
Found a runed translucent door.
Search for what [? for help]? quart You see here a +0 chain mail.
You see here a +0 quarterstaff.
k - a +0 quarterstaff You see here a +0 chain mail.
Could not explore, unopened runed door.
You see here a +0 chain mail.
There is an open door here.
There is a stone staircase leading down here.
You climb downwards.
The gnoll shouts! x3; The goblin shouts!
You hear a shout! x2
The gnoll shouts!
Found 9 gold pieces.
Found a stone staircase leading down.
There is a stone staircase leading up here.
The gnoll hits you with a +0 flail.
You climb upwards.
Level annotation: 1 runed translucent door, Crazy Yiuf
There is a stone staircase leading down here.
The gnoll hits you but does no damage. The gnoll hits you with a +0 flail.
The gnoll hits you with a +2 vorpal spear!
The gnoll hits you from afar with a +2 vorpal spear.
* * * LOW HITPOINT WARNING * * *
The gnoll attacks as you move away! The gnoll misses you.
There is an open door here.
The gnoll attacks as you move away! The gnoll hits you with a +0 flail!
* * * LOW HITPOINT WARNING * * *
The gnoll attacks as you move away! The gnoll hits you with a +0 flail!
You die...

......# ##### #......######
....#.## #..# #............
....#..# #..# #.......#####
....##.# ###..#
#.....†.#####
##.###.###....#
#....##.#.... ##.#
#..##....#############.#.###
...#
##.##..................#....
####
#..#....###################
##.#.....g@..[...........#
#...##g################.#
###..#.....# #.#
#....#.g...# ##.##
#.##.#.....# ##...#
#.##.#.....# #....#
#..........# #....#
#..........# ♣....♣
#..........# ♣..P♣♣


You could see 2 gnolls.

Vanquished Creatures
  An adder (D:2)
  A dart slug (D:1)
  6 ball pythons
  2 bats
  3 endoplasms (D:1)
  2 giant cockroaches (D:2)
  4 goblins
  4 hobgoblins (D:2)
  3 jackals (D:1)
  5 kobolds
  A frilled lizard (D:1)
  4 rats
36 creatures vanquished.

Notes
Turn   | Place    | Note
-------+----------+-------------------------------------------
     0 | D:1      | Illumine the Gnoll Hunter began the quest for the Orb.
     0 | D:1      | Reached XP level 1. HP: 20/20 MP: 1/1
    56 | D:1      | Reached XP level 2. HP: 26/26 MP: 2/2
   206 | D:1      | Reached XP level 3. HP: 31/31 MP: 3/3
   565 | D:2      | Reached skill level 1 in Invocations
   743 | D:2      | Reached skill level 1 in Short Blades
   743 | D:2      | Reached skill level 1 in Long Blades
   743 | D:2      | Reached skill level 1 in Axes
   743 | D:2      | Reached skill level 1 in Maces & Flails
   743 | D:2      | Reached skill level 1 in Polearms
   743 | D:2      | Reached skill level 1 in Staves
   743 | D:2      | Reached skill level 1 in Slings
   743 | D:2      | Reached skill level 1 in Bows
   743 | D:2      | Reached skill level 1 in Throwing
   743 | D:2      | Reached skill level 1 in Armour
   743 | D:2      | Reached skill level 1 in Shields
   743 | D:2      | Reached skill level 1 in Unarmed Combat
   743 | D:2      | Reached skill level 1 in Spellcasting
   743 | D:2      | Reached skill level 1 in Evocations
   861 | D:2      | Got Muekhleti's Compendium of Icy Dark Magic
  1081 | D:2      | Found a runed translucent door.
  1185 | D:2      | Noticed Crazy Yiuf
  1248 | D:2      | Slain by a gnoll

Illustrated notes

Levels and vault maps discovered:
D:1:      lightli_arrival_maybe_door_vault, layout_basic,
          chequers_serial_rivers_small_a, minmay_heptomino_o4
D:2:      layout_basic, nicolae_figureground_pulse, uniq_crazy_yiuf_cottage
D:3:      gammafunk_wand_slinger, layout_loops_ring,
          dilly_ecumenical_altar_fadedgnrine, uniq_jessica

Skill      XL: |  1  2  3 |
---------------+----------+-----
Invocations    | 1 |  1.0
Short Blades   | 1 |  1.0
Long Blades    | 1 |  1.0
Axes           | 1 |  1.0
Maces & Flails | 1 |  1.0
Polearms       | 1 |  1.0
Staves         | 1 |  1.0
Slings         | 1 |  1.0
Bows           | 1 |  1.0
Throwing       | 1 |  1.0
Armour         | 1 |  1.0
Shields        | 1 |  1.0
Unarmed Combat | 1 |  1.0
Spellcasting   | 1 |  1.0
Evocations     | 1 |  1.0
Fighting       | |  4.6
Crossbows      | |  8.5
Dodging        | |  4.6
Stealth        | |  2.4
Conjurations   | |  0.7
Hexes          | |  0.7
Summonings     | |  0.7
Necromancy     | |  0.7
Translocations | |  0.7
Transmutations | |  0.7
Fire Magic     | |  0.7
Ice Magic      | |  0.7
Air Magic      | |  0.7
Earth Magic    | |  0.7
Poison Magic   | |  0.7

Action                   || total
-------------------------++-------
 Fire: Hand crossbow     ||    65
Armor: Leather armour    ||     3
Dodge: Dodged            ||    10

Table legend: (Time is in decaauts)
 A = Elapsed time spent in this place.
 B = Non-inter-level travel time spent in this place.
 C = Inter-level travel time spent in this place.
 D = Time resting spent in this place.
 E = Time spent auto-exploring this place.
 F = Levels seen in this place.
 G = Mean time per level.
                   A        B        C        D        E       F      G
               +--------+--------+--------+--------+--------+-----+--------+
         Total |   1257 |   1155 |    102 |      0 |    985 |   3 |  419.0 |
       Dungeon |   1257 |   1155 |    102 |      0 |    985 |   3 |  419.0 |
               +--------+--------+--------+--------+--------+-----+--------+

Top non-repeatable levels by time:
     D:2: 820 daAuts
     D:1: 435 daAuts
     D:3: 1 daAuts
